 Dungeon Crawl Stone Soup version 0.25-a0-611-g6918904 (webtiles) character file.

Game seed: 9611057651590215636, levelgen mode: deterministic

331 Faels the Stinger (level 6, 29/41 HPs)
             Began as a Demonspawn Venom Mage on Mar 16, 2020.
             Quit the game on level 4 of the Dungeon.
             The game lasted 00:16:00 (5778 turns).

Faels the Stinger (Demonspawn Venom Mage)           Turns: 5778, Time: 00:16:01

Health: 29/41      AC:  3    Str: 10    XL:     6   Next: 26%
Magic:  1/9        EV: 14    Int: 17    God:
Gold:   202        SH:  0    Dex: 13    Spells: 4/10 levels left

rFire    . . .     SeeInvis .   m - +2 dagger (vamp)
rCold    + . .     Gourm    .   (no shield)
rNeg     . . .     Faith    .   a - +0 robe
rPois    .         Spirit   .   (helmet restricted)
rElec    .         Reflect  .   (no cloak)
rCorr    .         Harm     .   (no gloves)
MR       +....                  y - +0 pair of boots
Stlth    ++........             i - amulet of the acrobat
HPRegen  0.13/turn              (no ring)
MPRegen  0.11/turn              (no ring)

@: very slightly contaminated
A: antennae 2, repulsion field 1, blurry vision 1, cold resistance 1, magic
resistance 1
a: no special abilities


You were on level 4 of the Dungeon.
You were hungry.

You visited 1 branch of the dungeon, and saw 4 of its levels.

You collected 202 gold pieces.

Inventory:

Hand Weapons
 e - a +0 dagger
 m - a +2 vampiric dagger (weapon)
Missiles
 d - 7 poisoned darts (quivered)
 q - 3 silver boomerangs
 w - 5 boomerangs
Armour
 a - a +0 robe (worn)
 y - a +0 pair of boots (worn)
Jewellery
 i - an amulet of the acrobat (around neck)
 o - an uncursed amulet of the gourmand
Scrolls
 f - 2 scrolls of fear
 g - a scroll of enchant armour {unknown}
 h - 3 scrolls of teleportation
 k - a scroll of enchant weapon {unknown}
 l - 2 scrolls of remove curse
 r - a scroll of amnesia {unknown}
 s - a scroll of magic mapping {unknown}
 t - a scroll of fog {unknown}
 v - a scroll of random uselessness {unknown}
 z - a scroll of noise {unknown}
Potions
 j - 4 potions of curing
 n - a potion of lignification {unknown}
 u - a potion of heal wounds {unknown}
 x - a potion of stabbing {unknown}
 A - a potion of haste {unknown}
Comestibles
 b - 8 chunks of flesh
 c - 3 rations


   Skills:
 + Level 1.4 Short Blades
 - Level 1.7 Dodging
 - Level 1.7 Stealth
 - Level 2.5 Spellcasting
 * Level 3.2 Conjurations
 - Level 1.7 Transmutations
 * Level 3.2 Air Magic
 - Level 3.4 Poison Magic


You had 4 spell levels left.
You knew the following spells:

 Your Spells              Type           Power        Failure   Level  Hunger
a - Sting                 Tmut/Pois      ##..         6%          1    #......
b - Poisonous Vapours     Pois/Air       ##....       7%          2    ##.....
c - Mephitic Cloud        Conj/Pois/Air  ##......     14%         3    ###....

Your spell library contained the following spells:

 Spells                   Type           Power        Failure   Level  Hunger
 Ignite Poison            Fire/Tmut/Pois #.......     26%         3    ###....
 Olgreb's Toxic Radiance  Pois           ##......     41%         4    #####..


Dungeon Overview and Level Annotations

Branches:
Dungeon (4/15)
 Temple: D:4-7

Altars:
Elyvilon
Zin


Innate Abilities, Weirdness & Mutations

You have a pair of antennae on your head.
You are surrounded by a mild repulsion field. (EV +2)
Scrolls take you a little longer to read.
Your flesh is cold resistant. (rC+)
You are resistant to hostile enchantments. (MR+)


Message History

The orc hits you but does no damage.
You closely miss the orc.
The orc is almost dead.
You closely miss the orc.
The orc is almost dead.
The orc hits you but does no damage.
Quiver which item? (- for none, * to show all) (? for menu, Esc to quit)
That's the wrong kind of item! (Use * to select it.) Quiver which item? (- for none, * to show all) (? for menu, Esc to quit)
Huh?
Quiver which item? (- for none, * to show all) (? for menu, Esc to quit)
Huh?
Quiver which item? (- for none, * to show all) (? for menu, Esc to quit)
Huh?
Quiver which item? (- for none, * to show all) (? for menu, Esc to quit)
You don't have any such object.
Quiver which item? (- for none, * to show all) (? for menu, Esc to quit)
Okay, then.
Unknown command.
Are you sure you want to abandon this character and quit the game? (Confirm with "yes".)

#.# #......... #.###.#
#.##...... #..##.#
#.##).....
...##.###.##......
########..##.............
#.........######.###.....
..8...8...# #.# #.....
..........# #.# #....[
......o)@o## #.# #.....
.........).# #.#
..8..)8..#.# #.#
#........#.# #.#
########.#.# #.#
........#.## #.#
#######....# #.#
###....## #.# #.......#
#รท#


You could see 2 orcs.

Vanquished Creatures
  An ogre (D:4)
  2 orc priests (D:4)
  2 hounds (D:4)
  2 adders (D:2)
  5 worms
  6 dart slugs
  A leopard gecko (D:2)
  6 orcs
  9 bats
  3 giant cockroaches (D:2)
  12 goblins
  10 hobgoblins
  5 jackals (D:2)
  9 kobolds
  4 ball pythons
  7 frilled lizards
  4 rats
88 creatures vanquished.

Notes
Turn   | Place    | Note
-------+----------+-------------------------------------------
     0 | D:1      | Faels the Demonspawn Venom Mage began the quest for the
                  | Orb.
     0 | D:1      | Reached XP level 1. HP: 13/13 MP: 3/3
    62 | D:1      | Reached skill level 1 in Transmutations
   487 | D:1      | Gained mutation: You have a pair of small antennae on your
                  | head. [demonic ancestry]
   487 | D:1      | Reached XP level 2. HP: 19/19 MP: 5/5
   631 | D:1      | Learned a level 2 spell: Poisonous Vapours
  1580 | D:2      | Found a faded altar of an unknown god.
  1586 | D:2      | Reached XP level 3. HP: 21/24 MP: 2/6
  1651 | D:2      | Found a glowing silver altar of Zin.
  1682 | D:2      | Reached skill level 1 in Air Magic
  2066 | D:2      | Learned a level 3 spell: Mephitic Cloud
  2782 | D:2      | Reached XP level 4. HP: 9/30 MP: 0/7
  2999 | D:2      | Reached skill level 1 in Conjurations
  3325 | D:2      | Found a white marble altar of Elyvilon.
  5314 | D:4      | Gained mutation: You have a pair of antennae on your head.
                  | [demonic ancestry]
  5314 | D:4      | Reached XP level 5. HP: 29/35 MP: 3/8
  5562 | D:4      | Noticed an ogre
  5578 | D:4      | Killed an ogre
  5578 | D:4      | Reached skill level 1 in Short Blades
  5578 | D:4      | Gained mutation: You are surrounded by a mild repulsion
                  | field. (EV +2) [demonic ancestry]
  5578 | D:4      | Reached XP level 6. HP: 41/41 MP: 2/9
  5762 | D:4      | Gained mutation: You are resistant to hostile enchantments.
                  | (MR+) [potion of mutation]
  5762 | D:4      | Gained mutation: Scrolls take you a little longer to read.
                  | [potion of mutation]
  5762 | D:4      | Gained mutation: Your flesh is cold resistant. (rC+)
                  | [potion of mutation]
  5778 | D:4      | Quit the game

Levels and vault maps discovered:
D:1:      onia_arrival_pyramid, layout_basic
D:2:      layout_basic, zin_statuary, elyvilon_altar_1,
          chequers_ecumenical_altar_twisty, minmay_vboxes
D:3:      layout_loops_ring
D:4:      cheibrodos_pilgrimage, layout_basic, kennysheep_slug_shrine,
          minmay_temple_entry_purple_smoke, first_ration, uniq_blork_the_orc

Skill      XL: |  1  2  3  4  5  6 |
---------------+-------------------+-----
Transmutations | 1 |  1.7
Air Magic      | 1 2 3 |  3.2
Conjurations   | 2 3 |  3.2
Short Blades   | 1 |  1.4
Dodging        | |  1.7
Stealth        | |  1.7
Spellcasting   | |  2.5
Poison Magic   | |  3.4

Action                   |  1- 3 |  4- 6 || total
-------------------------+-------+-------++-------
Melee: Dagger            |    88 |   115 ||   203
Throw: Dart              |     9 |    10 ||    19
 Cast: Sting             |    14 |    12 ||    26
       Poisonous Vapours |    18 |    28 ||    46
       Mephitic Cloud    |     1 |     4 ||     5
  Use: Scroll            |       |     6 ||     6
       Potion            |       |     1 ||     1
 Stab: Sleeping          |     4 |     2 ||     6
       Confused          |     1 |       ||     1
  Eat: Chunk             |     5 |    10 ||    15
       Ration            |     1 |       ||     1
Armor: Robe              |    10 |    15 ||    25
Dodge: Dodged            |    81 |   101 ||   182

Table legend:
 A = Non-vault XP
 B = Vault XP
 C = Vault XP percentage of total XP
 D = Non-vault monster count
 E = Vault monster count
 F = Vault count percentage of total count
                 A         B        C        D         E       F
            +---------+---------+-------+---------+---------+-------
      Total |     372 |     102 |  21.5 |      77 |      11 |  12.5
            +---------+---------+-------+---------+---------+-------
        D:1 |      37 |       0 |   0.0 |      20 |       0 |   0.0
        D:2 |      97 |      17 |  14.9 |      36 |       7 |  16.3
        D:3 |      35 |       0 |   0.0 |      15 |       0 |   0.0
        D:4 |     203 |      85 |  29.5 |       6 |       4 |  40.0
            +---------+---------+-------+---------+---------+-------
